 Dungeon Crawl Stone Soup version 0.26-a0-450-ge645bd13c1 (webtiles) character file.

Game seed: 8690421097450027555

44249 ReteAZ the Covert (level 14, 0/113 HPs)
             Began as a Gnoll Delver on July 27, 2020.
             Was an Elder of Ashenzari.
             Splashed by an acid dragon's acid (13 damage)
             ... on level 14 of the Dungeon.
             The game lasted 00:41:57 (22623 turns).

ReteAZ the Covert (Gnoll Delver)                   Turns: 22623, Time: 00:41:58

Health: 0/113      AC:  4    Str: 31    XL:     14   Next: 27%
Magic:  27/27      EV: 14    Int: 21    God:    Ashenzari [****..]
Gold:   825        SH: 19    Dex: 16    Spells: 31/31 levels left

rFire    + + .     SeeInvis +   A - +5 falchion "Mips" {drain, *Contam MR+ Int+4}
rCold    + . .     Faith    .   R - +1 kite shield {rN+}
rNeg     + . .     Spirit   .   s - +3 chain mail {MR+} (curse)
rPois    +         Reflect  +   H - +2 helmet "Apludabu" {*Drain rF+ Str+9} (curse)
rElec    .         Harm     .   J - scarf {rC+ rF+}
rCorr    .         Clarity  +   Y - +0 pair of gloves
MR       +++..                  F - +0 pair of boots
Stlth    ++........             m - amulet of reflection (curse)
HPRegen  0.28/turn              w - ring of poison resistance
MPRegen  0.20/turn              Q - +6 ring of strength

@: corroded
A: distributed training, fangs 1, no potion heal 1, strong nose
a: Curse Item, Scrying, Renounce Religion


You were on level 14 of the Dungeon.
You worshipped Ashenzari.
Ashenzari was greatly pleased with you.
You visited 2 branches of the dungeon, and saw 15 of its levels.
You also visited: Ice Cave.

You collected 1196 gold pieces.
You spent 371 gold pieces at shops.

Inventory:

Hand Weapons
 A - the +5 falchion "Mips" (weapon) {drain, *Contam MR+ Int+4}
   (You found it on level 12 of the Dungeon)

   A truly terrible weapon, it drains the life of those it strikes.
   It affects your intelligence (+4).
   It affects your resistance to hostile enchantments.
   It causes magical contamination when unequipped.
 L - a +3 scimitar of freezing
 W - a +0 vampiric quick blade
Missiles
 a - a throwing net
 q - 9 poisoned darts (quivered)
 y - 6 curare-tipped darts
 O - 5 boomerangs
Armour
 d - a +0 helmet
 p - a +2 buckler
 s - a cursed +3 chain mail of magic resistance (worn)
 t - a +0 scale mail
 B - a +1 cloak
 F - a +0 pair of boots (worn)
 H - the cursed +2 helmet "Apludabu" (worn) {*Drain rF+ Str+9}
   (You acquired it on level 11 of the Dungeon)

   It affects your strength (+9).
   It protects you from fire.
   It causes draining when unequipped.
   It has a curse placed upon it.
 J - a scarf of resistance (worn)
 R - a +1 kite shield of positive energy (worn)
 V - a +1 plate armour of poison resistance
 Y - a +0 pair of gloves (worn)
Jewellery
 m - a cursed amulet of reflection (around neck)
 w - a ring of poison resistance (left hand)
 Q - a +6 ring of strength (right hand)
Wands
 b - a wand of random effects (28)
 g - a wand of digging (6)
 j - a wand of disintegration (5)
 u - a wand of enslavement (3)
 E - a wand of flame (19)
Scrolls
 c - 4 scrolls of fog
 f - 6 scrolls of amnesia
 h - 2 scrolls of immolation
 i - 5 scrolls of identify
 l - 8 scrolls of teleportation
 n - 3 scrolls of enchant weapon
 o - 6 scrolls of enchant armour
 r - 4 scrolls of magic mapping
 C - a scroll of silence {unknown}
 I - a scroll of noise {unknown}
 K - a scroll of remove curse
 S - 2 scrolls of fear
Potions
 e - a potion of might
 k - 3 potions of brilliance
 v - 4 potions of stabbing
 x - a potion of mutation
 z - a potion of berserk rage
 D - 2 potions of flight
 G - 3 potions of curing
 M - a potion of heal wounds
 N - a potion of haste
 P - 2 potions of ambrosia


   Skills:
 + Level 11.0 Fighting
 + Level 9.1 Short Blades
 + Level 10.1 Long Blades
 + Level 9.1 Axes
 + Level 9.1 Maces & Flails
 + Level 9.1 Polearms
 + Level 9.1 Staves
 + Level 9.1 Slings
 + Level 9.1 Bows
 + Level 9.1 Crossbows
 + Level 9.1 Throwing
 + Level 9.1 Armour
 + Level 10.1 Dodging
 + Level 12.7 Stealth
 + Level 9.1 Shields
 + Level 9.1 Unarmed Combat
 + Level 9.1 Spellcasting
 + Level 7.5 Conjurations
 + Level 7.5 Hexes
 + Level 7.5 Summonings
 + Level 7.5 Necromancy
 + Level 7.5 Translocations
 + Level 7.5 Transmutations
 + Level 7.5 Fire Magic
 + Level 7.5 Ice Magic
 + Level 7.5 Air Magic
 + Level 7.5 Earth Magic
 + Level 7.5 Poison Magic
 + Level 9.9 Invocations
 + Level 9.1 Evocations


You had 31 spell levels left.
You didn't know any spells.
Your spell library contained the following spells:

 Spells                   Type           Power        Failure   Level
 Animate Skeleton         Necr           #####.       2%          1
 Apportation              Tloc           #####.       2%          1
 Corona                   Hex            #####..      2%          1
 Foxfire                  Conj/Fire      ####         2%          1
 Freeze                   Ice            ####         2%          1
 Pain                     Necr           ####         2%          1
 Sting                    Tmut/Pois      ####         2%          1
 Summon Small Mammal      Summ           ####         2%          1
 Poisonous Vapours        Pois/Air       #####.       4%          2
 Conjure Flame            Conj/Fire      #####...     8%          3
 Frozen Ramparts          Ice            #####.       8%          3
 Ignite Poison            Fire/Tmut/Pois #####...     8%          3
 Inner Flame              Hex/Fire       #####...     8%          3
 Mephitic Cloud           Conj/Pois/Air  #####...     8%          3
 Ozocubu's Armour         Ice            #####...     8%          3
 Vampiric Draining        Necr           #####.....   8%          3
 Animate Dead             Necr           #####.....   26%         4
 Hailstorm                Conj/Ice       #####...     26%         4
 Olgreb's Toxic Radiance  Pois           #####...     26%         4
 Sticky Flame             Conj/Fire      #####...     26%         4
 Summon Ice Beast         Ice/Summ       #####...     26%         4
 Agony                    Necr           #####...     58%         5
 Fireball                 Conj/Fire      #####.....   58%         5


Dungeon Overview and Level Annotations

Branches:
Dungeon (14/15)            Temple (1/1) D:5            Lair (0/6) D:9
    Orc (0/2) D:10         Vaults (0/5) D:13          IceCv (visited)

Altars:
Ashenzari
Cheibriados
Dithmenos
Elyvilon
Fedhas
Gozag
Hepliaklqana
Kikubaaqudgha
Makhleb
Nemelex Xobeh
Okawaru
Qazlal
Ru
Sif Muna
Trog
Uskayaw
Vehumet
Wu Jian
Xom
Yredelemnul
Zin
The Shining One

Shops:
D:6 *}([[


Innate Abilities, Weirdness & Mutations

Your experience applies equally to all skills.
You have very sharp teeth.
Your uncanny sense of smell can sniff out nearby items.
Potions are less effective at restoring your health.


Message History

The unseen horror is moderately wounded.
The unseen horror hits you.
* * * LOW HITPOINT WARNING * * *
The unseen horror hits you but does no damage.
You hit the unseen horror but do no damage.
The unseen horror is lightly wounded.
You block the unseen horror's attack. x2
You slash the green ugly thing!
You kill the green ugly thing!
The unseen horror hits you but does no damage.
You block the unseen horror's attack.
You hit the unseen horror. You drain the unseen horror.
The unseen horror is moderately wounded.
You block the unseen horror's attack. You block the unseen horror's attack.
The acid dragon spits acid at you. The splash of acid hits you!
* * * LOW HITPOINT WARNING * * *
The acid corrodes you!
You are splashed with acid!
You die...

#...........##*** ,,
, * #......†...##
∆{, * * ,
#......†...# , { **
, ,,
#.......#..#*{{_{,,+
,, ,, #....<..##.##
, , , *
#...[...#...# , *,*
, ** ####.####.#.#**
* ,,, #..# #D#######
* , ,
#.#####x@.....#*{{
*** **
#........##...## ,
{*
#######.###....####
,,{{{ #..# ##......#
{{{ #.## ##.....# *
#.* ####)##### * #.
#....# .. #.#### *
#.# #######


You could see an unseen horror (invisible, drained) and an acid dragon (catching
breath).

Vanquished Creatures
  Frances (D:14)
  A frost giant (IceCv)
  Snorg (D:12)
  A hydra (D:13)
  5 vault guards (D:13)
  A catoblepas (D:13)
  2 death yaks (IceCv)
  3 two-headed ogres
  An ogre mage (D:13)
  An unseen horror (D:8)
  A deep elf archer (D:13)
  4 ugly things (D:14)
  A deep elf mage (D:13)
  3 cyclopes
  A manticore (D:13)
  3 centaur zombies
  An ice statue (IceCv)
  A gargoyle (D:11)
  2 ice devils (D:11)
  A tengu conjurer (D:13)
  A troll (D:10)
  2 hornets
  15 polar bears (IceCv)
  6 slime creatures
  A meliai zombie (D:14)
  4 hippogriffs
  5 shadows
  45 yaks
  2 wyverns
  A human (D:8)
  A vampire (D:8)
  2 hogs (D:8)
  A wraith (D:14)
  A basilisk (D:13)
  An acid dragon (D:14)
  A porcupine (D:9)
  A water moccasin (D:11)
  An ice beast (D:6)
  4 sky beasts
  10 orc warriors
  5 black bears
  8 ogres
  A necrophage (D:7)
  16 wolves (IceCv)
  8 centaurs
  4 phantoms
  2 crocodiles (D:9)
  3 big kobolds
  11 bullfrogs
  3 scorpions
  26 wights
  9 howler monkeys
  3 quasits
  A bullfrog skeleton (D:10)
  8 hounds
  4 jellies
  6 orc priests
  2 gnoll shamans
  15 orc wizards
  5 centaur skeletons
  6 iguanas
  Terence (D:2)
  8 worker ants
  A hound skeleton (D:3)
  4 worker ant zombies
  11 gnolls
  A howler monkey skeleton (D:7)
  16 adders
  3 river rats (D:6)
  2 shadow imps
  5 white imps
  An ufetubus (D:6)
  2 oozes
  An adder skeleton (D:5)
  2 worms (D:2)
  3 dart slugs
  3 leopard geckos
  68 orcs
  8 giant cockroaches
  15 goblins
  11 hobgoblins
  13 jackals
  8 quokkas
  2 ball pythons
  11 bats
  5 frilled lizards
  19 kobolds
  A leopard gecko skeleton (D:7)
  16 rats
527 creatures vanquished.

Vanquished Creatures (others)
  A polar bear (IceCv)
  A wolf (IceCv)
  8 fungi
  7 plants
17 creatures vanquished.

Grand Total: 544 creatures vanquished

Notes
Turn   | Place    | Note
-------+----------+-------------------------------------------
     0 | D:5      | Reached skill level 9 in Stealth
     0 | D:5      | ReteAZ the Gnoll Delver began the quest for the Orb.
     0 | D:5      | Reached XP level 1. HP: 23/23 MP: 1/1
     8 | Temple   | Entered the Ecumenical Temple
   123 | Temple   | Became a worshipper of Ashenzari the Shackled
   150 | D:5      | Noticed a worker ant
   161 | D:5      | Found a burning altar of Makhleb.
   238 | D:4      | Reached XP level 2. HP: 22/29 MP: 2/2
   730 | D:2      | Reached XP level 3. HP: 34/35 MP: 3/3
   736 | D:2      | Found a stormy altar of Qazlal.
   963 | D:1      | Reached skill level 1 in Invocations
  1235 | D:1      | Reached skill level 1 in Short Blades
  1235 | D:1      | Reached skill level 1 in Axes
  1235 | D:1      | Reached skill level 1 in Maces & Flails
  1235 | D:1      | Reached skill level 1 in Polearms
  1235 | D:1      | Reached skill level 1 in Staves
  1235 | D:1      | Reached skill level 1 in Slings
  1235 | D:1      | Reached skill level 1 in Bows
  1235 | D:1      | Reached skill level 1 in Crossbows
  1235 | D:1      | Reached skill level 1 in Throwing
  1235 | D:1      | Reached skill level 1 in Armour
  1235 | D:1      | Reached skill level 1 in Shields
  1235 | D:1      | Reached skill level 1 in Unarmed Combat
  1235 | D:1      | Reached skill level 1 in Spellcasting
  1235 | D:1      | Reached skill level 1 in Evocations
  1322 | D:1      | Reached XP level 4. HP: 41/41 MP: 5/5
  1660 | D:2      | Found a shimmering blue altar of Sif Muna.
  1722 | D:2      | Reached skill level 1 in Conjurations
  1722 | D:2      | Reached skill level 1 in Hexes
  1722 | D:2      | Reached skill level 1 in Summonings
  1722 | D:2      | Reached skill level 1 in Necromancy
  1722 | D:2      | Reached skill level 1 in Translocations
  1722 | D:2      | Reached skill level 1 in Transmutations
  1722 | D:2      | Reached skill level 1 in Fire Magic
  1722 | D:2      | Reached skill level 1 in Ice Magic
  1722 | D:2      | Reached skill level 1 in Air Magic
  1722 | D:2      | Reached skill level 1 in Earth Magic
  1722 | D:2      | Reached skill level 1 in Poison Magic
  1723 | D:2      | Noticed Terence
  1747 | D:2      | Killed Terence
  1886 | D:2      | Reached XP level 5. HP: 46/47 MP: 6/6
  2756 | D:3      | Found a sparkling altar of Nemelex Xobeh.
  2874 | D:3      | Reached XP level 6. HP: 51/53 MP: 8/8
  2975 | D:3      | Reached * piety under Ashenzari
  3141 | D:3      | Reached skill level 5 in Long Blades
  3141 | D:3      | Reached skill level 5 in Dodging
  3660 | D:4      | Found a bloodstained altar of Trog.
  3720 | D:5      | Reached XP level 7. HP: 45/59 MP: 10/10
  3865 | D:5      | Found a glowing golden altar of the Shining One.
  3939 | D:5      | HP: 2/59 [something/puff of frost (9)]
  4979 | D:4      | Found a snail-covered altar of Cheibriados.
  5164 | D:5      | HP: 3/60 [orc wizard/+0 dagger (2)]
  5639 | D:5      | Reached skill level 10 in Stealth
  5779 | D:5      | Reached XP level 8. HP: 56/67 MP: 12/12
  6039 | D:5      | Found a shimmering altar of Xom.
  6261 | D:6      | Found Ofijoxac's Armour Boutique.
  6270 | D:6      | Bought a +3 chain mail of magic resistance for 371 gold
                  | pieces
  6871 | D:6      | Found Xuawn's Armour Shoppe.
  6876 | D:6      | Identified the cursed ring "Diadiwk" {+Inv rC+ EV-4 Int-3
                  | Slay+2}
  6915 | D:6      | Found Giynlov's Antique Weapon Emporium.
  7040 | D:6      | Found Umeseuv's Assorted Antiques.
  7597 | D:6      | Reached XP level 9. HP: 64/72 MP: 14/14
  8221 | D:6      | Found Ifigese's Gadget Boutique.
  8637 | D:6      | Found a sacrificial altar of Ru.
  9293 | D:7      | Reached ** piety under Ashenzari
  9919 | D:8      | Reached skill level 5 in Invocations
  9960 | D:8      | Killed an unseen horror
  9960 | D:8      | Reached XP level 10. HP: 21/80 MP: 15/17
 10447 | D:8      | Reached skill level 5 in Short Blades
 10447 | D:8      | Reached skill level 5 in Axes
 10447 | D:8      | Reached skill level 5 in Maces & Flails
 10447 | D:8      | Reached skill level 5 in Polearms
 10447 | D:8      | Reached skill level 5 in Staves
 10447 | D:8      | Reached skill level 5 in Slings
 10447 | D:8      | Reached skill level 5 in Bows
 10447 | D:8      | Reached skill level 5 in Crossbows
 10447 | D:8      | Reached skill level 5 in Throwing
 10447 | D:8      | Reached skill level 5 in Armour
 10447 | D:8      | Reached skill level 5 in Shields
 10447 | D:8      | Reached skill level 5 in Unarmed Combat
 10447 | D:8      | Reached skill level 5 in Spellcasting
 10447 | D:8      | Reached skill level 5 in Evocations
 11270 | D:8      | Found a shadowy altar of Dithmenos.
 11988 | D:9      | Found an ancient bone altar of Kikubaaqudgha.
 12000 | D:9      | Reached skill level 11 in Stealth
 12149 | D:9      | Found a staircase to the Lair.
 12540 | D:9      | Reached XP level 11. HP: 81/87 MP: 19/19
 12695 | D:9      | Found a glowing silver altar of Zin.
 12720 | D:10     | Entered Level 10 of the Dungeon
 12720 | D:10     | Noticed a two-headed ogre
 12728 | D:10     | Killed a two-headed ogre
 12754 | D:10     | Reached skill level 5 in Conjurations
 12754 | D:10     | Reached skill level 5 in Hexes
 12754 | D:10     | Reached skill level 5 in Summonings
 12754 | D:10     | Reached skill level 5 in Necromancy
 12754 | D:10     | Reached skill level 5 in Translocations
 12754 | D:10     | Reached skill level 5 in Transmutations
 12754 | D:10     | Reached skill level 5 in Fire Magic
 12754 | D:10     | Reached skill level 5 in Ice Magic
 12754 | D:10     | Reached skill level 5 in Air Magic
 12754 | D:10     | Reached skill level 5 in Earth Magic
 12754 | D:10     | Reached skill level 5 in Poison Magic
 13071 | D:10     | Found a staircase to the Orcish Mines.
 13099 | D:10     | Reached *** piety under Ashenzari
 15114 | D:11     | Reached XP level 12. HP: 36/96 MP: 22/22
 15234 | D:11     | Found a frozen archway.
 15269 | IceCv    | Entered an ice cave
 16093 | IceCv    | Reached **** piety under Ashenzari
 16597 | IceCv    | Noticed a death yak
 16620 | IceCv    | Killed a death yak
 16620 | IceCv    | Reached skill level 10 in Fighting
 17324 | IceCv    | Reached skill level 12 in Stealth
 17458 | IceCv    | Identified a scroll of acquirement
 17469 | IceCv    | Noticed a frost giant
 17469 | IceCv    | Noticed a death yak
 17618 | IceCv    | Killed a death yak
 17991 | IceCv    | Killed a frost giant
 17991 | IceCv    | Reached XP level 13. HP: 76/103 MP: 24/24
 18658 | D:11     | Acquired the cursed +2 helmet "Apludabu" {*Drain rF+ Str+9}
 19342 | D:12     | Noticed Snorg
 19388 | D:12     | Killed Snorg
 20136 | D:12     | Identified the +5 falchion "Mips" {drain, *Contam MR+
                  | Int+4}
 20386 | D:13     | Gained mutation: Potions are less effective at restoring
                  | your health. [mutagenic glow]
 20429 | D:13     | Noticed a vault guard
 20429 | D:13     | Noticed a vault guard
 21180 | D:13     | Noticed a vault guard
 21203 | D:13     | Killed a vault guard
 21466 | D:13     | Killed a vault guard
 21478 | D:13     | Found a gate to the Vaults.
 21478 | D:13     | Noticed a vault guard
 21479 | D:13     | Noticed a vault guard
 21504 | D:13     | Killed a vault guard
 21543 | D:13     | Killed a vault guard
 21543 | D:13     | Reached XP level 14. HP: 34/111 MP: 26/26
 21866 | D:13     | Reached skill level 10 in Long Blades
 21866 | D:13     | Reached skill level 10 in Dodging
 22493 | D:14     | Noticed Frances
 22505 | D:14     | Killed Frances
 22623 | D:14     | Splashed by an acid dragon's acid

Illustrated notes

Levels and vault maps discovered:
D:1:      matt_arrival_diagonals, layout_basic
D:2:      layout_basic, lemuel_round_altar, grunt_qazlal_clouds, uniq_terence
D:3:      layout_rooms, overflow_temple_1_default, minmay_divided_ellipse
D:4:      layout_rooms, lemuel_doored_altar, marbit_many_paths
D:5:      layout_loops_cross, lemuel_crystal_altar,
          nicolae_overflow_crystal_walls, overflow_temple_1_default,
          minmay_temple_entry_slanted
D:6:      layout_loops_ring, nicolae_ru_the_path_less_chosen, serial_shops,
          nicolae_shop_stone, nicolae_shop_overgrown_old_shop, kennysheep_mini,
          shop, nicolae_shop_trees, portal_sewer_entry_b
D:7:      layout_loops_corners
D:8:      layout_loops_corners, nicolae_dithmenos_shadow_blocks, grunt_livestock
D:9:      layout_roguey, kennysheep_mini_moat, nicolae_overflow_hidden_temple,
          due_lair_maze_entry_diamond, bh_walls_and_bars
D:10:     layout_layer_cave, orc_0_dummy, grunt_ministairs_9
D:11:     layout_cave_pools, portal_ice_cave_demonic_guard, enter_bailey_3
D:12:     layout_small_grid, uniq_snorg
D:13:     layout_rooms, grunt_vaults_entry_fortified
D:14:     due_megacathedral, layout_rooms, uniq_frances
Temple:   zaba_magenta_temple

Skill      XL: |  1  2  3  4  5  6  7  8  9 10 11 12 13 14 |
---------------+-------------------------------------------+-----
Stealth        | 10 11 12 | 12.7
Invocations    | 1 2 3 4 5 6 7 8 9 |  9.9
Short Blades   | 1 2 3 4 5 6 7 8 9 |  9.1
Axes           | 1 2 3 4 5 6 7 8 9 |  9.1
Maces & Flails | 1 2 3 4 5 6 7 8 9 |  9.1
Polearms       | 1 2 3 4 5 6 7 8 9 |  9.1
Staves         | 1 2 3 4 5 6 7 8 9 |  9.1
Slings         | 1 2 3 4 5 6 7 8 9 |  9.1
Bows           | 1 2 3 4 5 6 7 8 9 |  9.1
Crossbows      | 1 2 3 4 5 6 7 8 9 |  9.1
Throwing       | 1 2 3 4 5 6 7 8 9 |  9.1
Armour         | 1 2 3 4 5 6 7 8 9 |  9.1
Shields        | 1 2 3 4 5 6 7 8 9 |  9.1
Unarmed Combat | 1 2 3 4 5 6 7 8 9 |  9.1
Spellcasting   | 1 2 3 4 5 6 7 8 9 |  9.1
Evocations     | 1 2 3 4 5 6 7 8 9 |  9.1
Conjurations   | 1 2 3 4 5 6 7 |  7.5
Hexes          | 1 2 3 4 5 6 7 |  7.5
Summonings     | 1 2 3 4 5 6 7 |  7.5
Necromancy     | 1 2 3 4 5 6 7 |  7.5
Translocations | 1 2 3 4 5 6 7 |  7.5
Transmutations | 1 2 3 4 5 6 7 |  7.5
Fire Magic     | 1 2 3 4 5 6 7 |  7.5
Ice Magic      | 1 2 3 4 5 6 7 |  7.5
Air Magic      | 1 2 3 4 5 6 7 |  7.5
Earth Magic    | 1 2 3 4 5 6 7 |  7.5
Poison Magic   | 1 2 3 4 5 6 7 |  7.5
Long Blades    | 5 6 7 8 9 10 | 10.1
Dodging        | 5 6 7 8 9 10 | 10.1
Fighting       | 7 8 9 10 11 | 11.0

Action                   |  1- 3 |  4- 6 |  7- 9 | 10-12 | 13-15 || total
-------------------------+-------+-------+-------+-------+-------++-------
Melee: Falchion          |    80 |   328 |   721 |   173 |   255 ||  1557
       Bite              |     8 |    47 |   120 |   145 |   141 ||   461
       Scimitar          |       |       |       |   733 |   265 ||   998
       Quick blade       |       |       |       |       |    81 ||    81
Throw: Dart              |       |       |    36 |    34 |    11 ||    81
       Boomerang         |       |       |       |    26 |       ||    26
Invok: Curse Item        |     1 |     1 |     2 |     1 |       ||     5
Evoke: Wand              |       |       |     2 |    13 |     1 ||    16
  Use: Scroll            |     1 |       |     3 |    12 |     3 ||    19
       Potion            |       |     2 |     7 |     2 |       ||    11
 Stab: Sleeping          |     9 |    19 |     8 |     3 |     4 ||    43
       Distracted        |       |     1 |     1 |       |     3 ||     5
Armor: Leather armour    |     1 |       |       |       |       ||     1
       Ring mail         |    15 |    58 |    16 |       |       ||    89
       Scale mail        |       |       |    39 |       |       ||    39
       Chain mail        |       |       |   149 |   322 |   174 ||   645
Dodge: Dodged            |    49 |   162 |   209 |   310 |   186 ||   916
Block: Other             |     6 |     1 |       |       |       ||     7
       Buckler           |       |   166 |   350 |   594 |   151 ||  1261
       Reflection        |       |       |       |    18 |    10 ||    28
       Kite shield       |       |       |       |       |   270 ||   270
       Rpst.: Falchion   |    17 |    55 |    69 |    13 |    18 ||   172
       Scimitar          |       |       |       |    58 |    34 ||    92

Table legend: (Time is in decaauts)
 A = Elapsed time spent in this place.
 B = Non-inter-level travel time spent in this place.
 C = Inter-level travel time spent in this place.
 D = Time resting spent in this place.
 E = Time spent auto-exploring this place.
 F = Levels seen in this place.
 G = Mean time per level.
                   A        B        C        D        E       F      G
               +--------+--------+--------+--------+--------+-----+--------+
         Total |  22436 |  21858 |    578 |   7071 |   9222 |  16 | 1402.2 |
       Dungeon |  19459 |  18881 |    578 |   5511 |   8645 |  14 | 1389.9 |
        Temple |    130 |    130 |      0 |      0 |     55 |   1 |  130.0 |
      Ice Cave |   2846 |   2846 |      0 |   1560 |    522 |   1 | 2846.0 |
               +--------+--------+--------+--------+--------+-----+--------+

Top non-repeatable levels by time:
   IceCv: 2846 daAuts
     D:5: 2349 daAuts
     D:6: 2308 daAuts
    D:13: 1946 daAuts
     D:8: 1772 daAuts
     D:9: 1551 daAuts
    D:12: 1451 daAuts
    D:10: 1451 daAuts
     D:2: 1175 daAuts
     D:4: 1156 daAuts
     D:3: 1119 daAuts
    D:11: 1099 daAuts
     D:7: 895 daAuts
     D:1: 771 daAuts
    D:14: 410 daAuts
